 Dungeon Crawl Stone Soup version 0.20.1-1-g8b1a95d (webtiles) character file.

980 vatarom the Insei (level 7, 0/54 HPs)
             Began as a Demonspawn Transmuter on Sept 22, 2017.
             Was an Initiate of Ru.
             Slain by an ice beast (14 damage)
             ... on level 6 of the Dungeon.
             The game lasted 00:12:49 (5658 turns).

vatarom the Insei (Demonspawn Transmuter)           Turns: 5658, Time: 00:12:50

Health: 0/54       AC:  2    Str: 11    XL:     7   Next: 96%
Magic:  4/10       EV: 22    Int: 15    God:    Ru [......]
Gold:   225        SH:  0    Dex: 19    Spells: 0/10 levels left

rFire    . . .     SeeInvis .     - Unarmed
rCold    . . .     Gourm    .   (shield currently unavailable)
rNeg     + . .     Faith    .   (armour currently unavailable)
rPois    x         Spirit   .   (helmet currently unavailable)
rElec    .         Reflect  .   (cloak currently unavailable)
rCorr    .         Harm     .   (gloves currently unavailable)
MR       .....                  (boots currently unavailable)
Stlth    ++........             (no amulet)
Regen    0.2/turn               k - ring of positive energy
MPRegen  0.2/turn               m - ring of wizardry

@: spider-form, very slightly contaminated
A: rot immunity, freezing cloud immunity
a: End Transformation, Renounce Religion


You were on level 6 of the Dungeon.
You worshipped Ru.
Ru was noncommittal.
You were not hungry.
You were a venomous arachnid creature.
You visited 2 branches of the dungeon, and saw 7 of its levels.

You collected 225 gold pieces.

Inventory:

Hand Weapons
 e - a +0 vampiric short sword
Missiles
 a - 133 arrows
Armour
 b - a +1 robe (melded)
 u - a +0 pair of gloves
Jewellery
 k - a ring of positive energy (left front leg)
 m - a ring of wizardry (right front leg)
 q - an uncursed ring of magical power
Wands
 l - a wand of disintegration (15/24)
 o - a wand of disintegration (7/24)
Scrolls
 f - 4 scrolls of identify
 j - 3 scrolls of remove curse
 p - a scroll of magic mapping
 s - a scroll of enchant armour
 t - 3 scrolls of amnesia {unknown}
Potions
 g - 2 potions of heal wounds
 r - 2 potions of might
Books
 c - a book of Changes

   Spells                             Type                      Level
   a - Beastly Appendage              Transmutation                1
   b - Sticks to Snakes               Transmutation                2
   c - Spider Form                    Transmutation/Poison         3
   d - Ice Form                       Ice/Transmutation            4
   e - Blade Hands                    Transmutation                5
Comestibles
 d - a bread ration
 h - 6 chunks of flesh
 i - a royal jelly
 n - 3 meat rations


   Skills:
 - Level 4.1 Fighting
 - Level 3.5 Dodging
 + Level 5.9 Unarmed Combat
 - Level 2.0 Spellcasting
 * Level 3.5 Transmutations
 * Level 2.4 Ice Magic


You couldn't memorise any spells.
You knew the following spells:

 Your Spells              Type           Power        Failure   Level  Hunger
a - Beastly Appendage     Tmut           ##....       6%          1    #......
b - Sticks to Snakes      Tmut           ##......     9%          2    ###....
c - Spider Form           Tmut/Pois      #.........   26%         3    ###....
d - Ice Form              Ice/Tmut       ##......     41%         4    #####..


Dungeon Overview and Level Annotations

Branches:
Dungeon (6/15)             Temple (1/1) D:5

Altars:
Ashenzari
Dithmenos
Hepliaklqana
Kikubaaqudgha
Makhleb
Okawaru
Qazlal
Ru
Trog
Uskayaw
Vehumet
Xom
Yredelemnul
Zin
The Shining One

Annotations:
D:5 Ijustatesigmund's ghost, novice OpAs


Innate Abilities, Weirdness & Mutations

((Your flesh is cold resistant. (rC+)))
You are immune to rotting.
You are immune to freezing clouds.
((Your movements are slightly less encumbered by armour. (ER -2)))


Message History

The ice beast freezes you!
You hit the ice beast.
The ice beast is lightly wounded.
The orc closely misses you.
You bite the ice beast!
The ice beast is heavily wounded.
The ice beast misses you.
You hit the ice beast but do no damage.
The ice beast is poisoned.
The ice beast is heavily wounded.
The orc misses you. The ice beast hits you. The ice beast freezes you.
* * * LOW HITPOINT WARNING * * *
You barely miss the ice beast.
The ice beast is heavily wounded.
The orc completely misses you. The ice beast misses you.
You bite the ice beast!
The ice beast is severely wounded.
The orc misses you. The ice beast hits you.
* * * LOW HITPOINT WARNING * * *
The ice beast freezes you!
You die...

.. .o oo
### #. ...
###. ..
#..
#.#####o#
#..sY##(#
####oh#.#
##ho.#
###o..#
#.....#
#....###.#
#..### #.#
#. #.#
#........#


You could see 2 black bears, an ice beast, an orc wizard and 2 orcs.

Vanquished Creatures
  5 ogres
  A wyvern zombie (D:5)
  A crimson imp (D:5)
  2 hounds (D:5)
  2 orc wizards
  4 worker ants
  A hound skeleton (D:4)
  7 gnolls (D:5)
  7 adders
  An adder zombie (D:5)
  A worm (D:2)
  2 dart slugs
  A leopard gecko (D:1)
  15 orcs
  5 bats
  3 giant cockroaches
  6 goblins
  6 hobgoblins
  12 jackals
  A ball python (D:3)
  5 frilled lizards
  8 kobolds
  5 rats
101 creatures vanquished.

Vanquished Creatures (collateral kills)
  Terence (D:2)
1 creature vanquished.

Grand Total: 102 creatures vanquished

Notes
Turn   | Place    | Note
-------+----------+-------------------------------------------
     0 | D:1      | vatarom the Demonspawn Transmuter began the quest for the Orb.
     0 | D:1      | Reached XP level 1. HP: 15/15 MP: 3/3
   222 | D:1      | Gained mutation: Your flesh is cold resistant. (rC+) [demonic ancestry]
   222 | D:1      | Reached XP level 2. HP: 15/21 MP: 3/5
   342 | D:1      | Reached skill level 3 in Unarmed Combat
   778 | D:2      | Learned a level 2 spell: Sticks to Snakes
   788 | D:2      | Noticed Terence
  1154 | D:2      | Killed Terence
  1154 | D:2      | Reached XP level 3. HP: 25/27 MP: 1/6
  1299 | D:2      | Learned a level 3 spell: Spider Form
  1503 | D:2      | Reached XP level 4. HP: 34/34 MP: 3/7
  1784 | D:2      | Reached skill level 4 in Unarmed Combat
  1937 | D:3      | Gained mutation: You are immune to rotting. [demonic ancestry]
  1937 | D:3      | Reached XP level 5. HP: 40/40 MP: 5/8
  3203 | D:4      | Noticed an ogre
  3210 | D:4      | Killed an ogre
  3210 | D:4      | Gained mutation: Your movements are slightly less encumbered by armour. (ER -2) [demonic ancestry]
  3210 | D:4      | Reached XP level 6. HP: 47/47 MP: 5/9
  3493 | D:4      | Reached skill level 5 in Unarmed Combat
  3818 | D:5      | Entered Level 5 of the Dungeon
  4009 | D:5      | Gained mutation: You are immune to freezing clouds. [demonic ancestry]
  4009 | D:5      | Reached XP level 7. HP: 54/54 MP: 6/10
  4239 | D:5      | Learned a level 4 spell: Ice Form
  4585 | D:5      | Reached skill level 1 in Ice Magic
  4697 | D:5      | Found a staircase to the Ecumenical Temple.
  4718 | Temple   | Entered the Ecumenical Temple
  4877 | Temple   | Became a worshipper of Ru the Awakened
  5111 | D:5      | Noticed Ijustatesigmund's ghost (novice OpAs)
  5463 | D:5      | Found a shattered altar of Ashenzari.
  5640 | D:6      | Found a bloodstained altar of Trog.
  5658 | D:6      | Slain by an ice beast

Skill      XL: |  1  2  3  4  5  6  7 |
---------------+----------------------+-----
Dodging        | 2 3 |  3.5
Unarmed Combat | 3 4 5 |  5.9
Fighting       | 2 3 4 |  4.1
Transmutations | 3 |  3.5
Ice Magic      | 2 |  2.4
Spellcasting   | |  2.0

Action                   |  1- 3 |  4- 6 |  7- 9 || total
-------------------------+-------+-------+-------++-------
Melee: Unarmed           |    96 |   239 |    80 ||   415
       Headbutt          |     2 |     2 |       ||     4
       Kick              |     8 |     2 |       ||    10
       Punch             |     1 |     1 |     1 ||     3
 Cast: Beastly Appendage |    13 |    14 |     1 ||    28
       Sticks to Snakes  |     4 |       |       ||     4
       Spider Form       |     4 |    15 |     9 ||    28
  Use: Scroll            |     2 |     7 |       ||     9
       Potion            |       |     6 |     1 ||     7
 Stab: Distracted        |     1 |       |       ||     1
  Eat: Chunk             |     3 |    10 |     2 ||    15
       Bread ration      |       |     1 |       ||     1
       Fruit             |       |       |     1 ||     1
Armor: Robe              |    10 |    31 |     2 ||    43
       Skin              |     2 |     6 |     2 ||    10
Dodge: Dodged            |    74 |   177 |    72 ||   323
